[Event "Vener-dì-Lampo"]
[Site "Chess.com"]
[Date "2020.05.01"]
[Round "1"]
[White "mr6701"]
[Black "sirmale49"]
[Result "1-0"]
[WhiteElo "1928"]
[BlackElo "1350"]
[TimeControl "300+2"]
[EndTime "11:33:16 PDT"]
[Termination "mr6701 ha vinto per abbandono"]

1. e4 e5 2. d4 exd4 3. c3 dxc3 4. Bc4 Qf6 5. Nxc3 Bc5 6. Nf3 Nc6 7. Nd5 Qd8 8. Bg5 Nf6 9. e5 Nxe5 10. Nxe5 Qe7 1-0

[Event "Vener-dì-Lampo"]
[Site "Chess.com"]
[Date "2020.05.01"]
[Round "1"]
[White "rob_fio"]
[Black "pedrak"]
[Result "0-1"]
[WhiteElo "1721"]
[BlackElo "2018"]
[TimeControl "300+2"]
[EndTime "11:37:55 PDT"]
[Termination "pedrak ha vinto per abbandono"]

1. d4 Nf6 2. e3 d6 3. Bd3 g6 4. f4 Bg7 5. Nf3 O-O 6. Nbd2 Nc6 7.
c3 Re8 8. O-O e5 9. Bc2 e4 10.
Ne1 d5 11. h3 Ne7 12. Rf2 Nf5 13. Nf1 c6 14. Qd2 Nd6 15. b3 Qe7 16. Bd1 h5 17.
Kh1 Be6 18. Nh2 Qd7 19. Be2 Bh6 20.
Bf1 Bf8 21. Nc2 Nf5 22. Kg1 Ng3 23. Nb4 Kg7 24. Qb2 a5 25. Nc2 Bd6 26. Bd2 Rh8 27. Be1 Nxf1 28. Rxf1 Bxh3 29. gxh3 Qxh3 30. Rf2 Ng4 31.
Nxg4 hxg4 32. Rg2 Qh1+ 33. Kf2 Rh3 34. Ke2 Qxg2+ 35. Kd1 Rxe3 36. Kc1 Re2 37. a4 Bxf4+ 38. Kb1 Qf3 39. Ka2 g3 40. Bxg3 Bxg3 41. c4 Qd3 42. cxd5 Rxc2 43. Rb1 Rxb2+ 44. Rxb2 Qxd4 45. dxc6 bxc6 46. Ka3 Bd6+ 47. Ka2 Rb8 48. Rc2 Be5 0-1

[Event "Vener-dì-Lampo"]
[Site "Chess.com"]
[Date "2020.05.01"]
[Round "1"]
[White "laremaro"]
[Black "riccardocanossa"]
[Result "1-0"]
[WhiteElo "1752"]
[BlackElo "1156"]
[TimeControl "300+2"]
[EndTime "11:38:31 PDT"]
[Termination "laremaro ha vinto per abbandono"]

1. e4 e5 2. Nf3 Nc6 3. Bb5 a6 4.
Ba4 b5 5. Bb3 Nf6 6. d3 Bc5 7.
O-O h6 8. Nxe5 Nxe5 9. d4 Bxd4 10. Qxd4 Nc6 11. Qd3 d6 12. a4 bxa4 13. Bxa4 Bd7 14. f4 O-O 15. Nc3 Nb4 16. Qe2 Bxa4 17. Rxa4 Nc6 18.
Rxa6 Qd7 19. Be3 Rfe8 20. Rxa8 Rxa8 21. Rd1 Re8 22. e5 Nh7 23. Qf3 Qe6 24. Qxc6 dxe5 25. Qxe6 Rxe6 26. Rd8+ Nf8 27. Bc5 exf4 28. Rxf8+ Kh7 29.
Kf2 1-0

[Event "Vener-dì-Lampo"]
[Site "Chess.com"]
[Date "2020.05.01"]
[Round "1"]
[White "SanSecondoPR"]
[Black "GB86_CHESS"]
[Result "1-0"]
[WhiteElo "1322"]
[BlackElo "1673"]
[TimeControl "300+2"]
[EndTime "11:39:52 PDT"]
[Termination "SanSecondoPR ha vinto per abbandono"]

1. e4 c5 2. Bc4 d6 3. Qh5 e6 4. Nf3 Nf6 5. Qh4 Be7 6. O-O Nc6 7. Bb5 Bd7 8. d3 a6 9. Bxc6 Bxc6 10. Nc3 Nd5 11. Qg3 Nxc3 12. bxc3 Bf6 13. Re1 O-O 14. Bg5 Bxg5 15. Nxg5 h6 16. Nh3 Qf6 17. Rab1 Qxc3 18. Qxd6 Qxc2 19. Qg3 Qxa2 20. Nf4 Rad8 21. Nh5 g6 22. Rbd1 1-0

[Event "Vener-dì-Lampo"]
[Site "Chess.com"]
[Date "2020.05.01"]
[Round "2"]
[White "sirmale49"]
[Black "rob_fio"]
[Result "0-1"]
[WhiteElo "1348"]
[BlackElo "1723"]
[TimeControl "300+2"]
[EndTime "11:48:59 PDT"]
[Termination "rob_fio ha vinto per tempo"]

1. e4 d6 2. f4 Nf6 3. Nc3 Nbd7 4. Nf3 e5 5. d3 c6 6. g3 Be7 7. Bg2 Qc7 8. O-O h6 9. f5 Ng4 10. h3 Qb6+ 11. d4 exd4 12. Qxd4 Qxd4+ 13. Nxd4 Nge5 14. Bf4 Bf6 15. Nce2 O-O 16. b3 c5 17. Nb5 Be7 18. Nc7 Rb8 19. Nd5 Bd8 20. c4 b6 21. Rad1 Bb7 22.
Nec3 Bxd5 23. Nxd5 a6 24. Bf3 b5 25. Be2 b4 26. g4 Rc8 27. Kg2 Nb8 28. Kg3 Nbc6 29.
Be3 Nd7 30. g5 hxg5 0-1

[Event "Vener-dì-Lampo"]
[Site "Chess.com"]
[Date "2020.05.01"]
[Round "2"]
[White "SanSecondoPR"]
[Black "mr6701"]
[Result "0-1"]
[WhiteElo "1322"]
[BlackElo "1928"]
[TimeControl "300+2"]
[EndTime "11:49:18 PDT"]
[Termination "mr6701 ha vinto per scaccomatto"]

1. e4 d5 2. Nf3 dxe4 3. Ng5 Bf5 4. Be2 h6 5. g4 Bg6 6. Nh3 e5 7. c3 Bc5 8. d4 exd4 9. Qa4+ Nc6 10. Bf4 Qh4 11.
cxd4 Bxd4 12. Be3 Bxe3 13. Rf1 O-O-O 14. Ng1 Bd4 15. Bb5 Nge7 16. Ne2 Bxb2 17. Nbc3 Bxa1 18.
Bxc6 Bxc3+ 19. Nxc3 Nxc6 20. Nb5 e3 21. Nxa7+ Nxa7 22.
Qxa7 exf2+ 23. Rxf2 Rhe8+ 24. Kf1 Rd1+ 25. Kg2 Qxg4# 0-1

[Event "Vener-dì-Lampo"]
[Site "Chess.com"]
[Date "2020.05.01"]
[Round "2"]
[White "pedrak"]
[Black "laremaro"]
[Result "1-0"]
[WhiteElo "2021"]
[BlackElo "1749"]
[TimeControl "300+2"]
[EndTime "11:49:55 PDT"]
[Termination "pedrak ha vinto per abbandono"]

1. Nf3 d5 2. g3 Nf6 3. Bg2 c6 4. O-O g6 5. d3 Bg4 6. c3 Bxf3 7.
Bxf3 e6 8. Nd2 Bg7 9. e4 Nbd7 10.
Qe2 O-O 11. e5 Ne8 12. d4 c5 13. Bg2 cxd4 14. cxd4 Rc8 15. Nb3 Qc7 16. Be3 Qc2 17. Rfe1 Nb6 18. Nc5 Qxe2 19. Rxe2 Rb8 20. a4 a5 21. b4 Nc7 22. bxa5 Nc4 23. Nd7 Na6 24. Nxf8 Bxf8 25. Rb1 Nxa5 26. Bd2 Nc4 27. Bg5 Nb4 28. Bd2 Nc6 29. Be3 b6 30. Ra2 Ra8 31. Bf1 N6a5 32. Rb5 Be7 33. Bd2 Bd8 34. Bxa5 Nxa5 35. f4 Rc8 36. Kf2 Rc1 37. Bd3 Nc4 38. Bxc4 Rxc4 39. Ke3 Rc3+ 40. Kd2 Rc4 41. a5 Rxd4+ 42. Ke3 Rc4 43.
axb6 Rc8 44. b7 Rb8 45. Ra8 Bc7 46. Rxb8+ Bxb8 47. Rc5 1-0

[Event "Vener-dì-Lampo"]
[Site "Chess.com"]
[Date "2020.05.01"]
[Round "3"]
[White "mr6701"]
[Black "pedrak"]
[Result "1-0"]
[WhiteElo "1938"]
[BlackElo "2011"]
[TimeControl "300+2"]
[EndTime "11:55:09 PDT"]
[Termination "mr6701 ha vinto per abbandono"]

1. e4 d6 2. d4 Nf6 3. Nc3 g6 4. Bg5 Bg7 5. Qd2 h6 6. Bf4 Nbd7 7. f3 e5 8. Be3 c6 9. Nge2 Qc7 10. g4 Nb6 11. Ng3 h5 12. gxh5 Nxh5 13. Nxh5 Rxh5 14. O-O-O Bd7 15. Be2 Rh8 16. dxe5 Bxe5 17. f4 Bg7 18.
Bd4 Bxd4 19. Qxd4 Ke7 20. e5 d5 21. Qc5+ Ke8 22. Nb5 Qb8 23. Nd6+ Kd8 24. Nxf7+ Kc7 25. Qd6+ Kc8 26. Nxh8 Qxd6 27. exd6 Nc4 28. Bxc4 dxc4 29. Nxg6 Bf5 30. Ne7+ 1-0

[Event "Vener-dì-Lampo"]
[Site "Chess.com"]
[Date "2020.05.01"]
[Round "3"]
[White "riccardocanossa"]
[Black "rob_fio"]
[Result "0-1"]
[WhiteElo "1150"]
[BlackElo "1724"]
[TimeControl "300+2"]
[EndTime "11:58:20 PDT"]
[Termination "rob_fio ha vinto per abbandono"]

1. d4 d6 2. c4 Nf6 3. Nc3 Nbd7 4.
Nf3 e5 5. Bg5 Be7 6. e3 c6 7.
Bd3 Qc7 8. O-O O-O 9. Qc2 h6 10. Bxf6 Nxf6 11. a3 Bg4 12. Qe2 Bd7 13. b4 Rab8 14.
Rac1 Qc8 15. a4 Bf5 16. e4 Bg4 17. h3 Bd7 18. dxe5 dxe5 19. Nxe5 Bd6 20. Nxd7 Qxd7 21. Bb1 Bxb4 22. e5 Ne8 23. Rfd1 Qe7 24. Qd3 g6 25. Qe3 Kg7 26. Qd4 Bc5 27. e6+ Bxd4 0-1

[Event "Vener-dì-Lampo"]
[Site "Chess.com"]
[Date "2020.05.01"]
[Round "4"]
[White "sirmale49"]
[Black "laremaro"]
[Result "0-1"]
[WhiteElo "1347"]
[BlackElo "1751"]
[TimeControl "300+2"]
[EndTime "12:06:05 PDT"]
[Termination "laremaro ha vinto per tempo"]

1. e4 d5 2. e5 Bf5 3. d4 e6 4. Nc3 c5 5. Nf3 Nc6 6. Bb5 Qb6 7. dxc5 Bxc5 8. O-O Ne7 9. a4 O-O 10. Ng5 h6 11. Nf3 a6 12. Bxc6 Nxc6 13. b3 Bg4 14. h3 Bxf3 15. Qxf3 Nxe5 16. Qg3 Bd6 0-1

[Event "Vener-dì-Lampo"]
[Site "Chess.com"]
[Date "2020.05.01"]
[Round "4"]
[White "rob_fio"]
[Black "mr6701"]
[Result "0-1"]
[WhiteElo "1720"]
[BlackElo "1942"]
[TimeControl "300+2"]
[EndTime "12:12:45 PDT"]
[Termination "mr6701 ha vinto per abbandono"]

1. d4 d5 2. e3 e6 3. Bd3 Nf6 4. f4 Bd6 5. Nf3 O-O 6. O-O c5 7. c3 Nc6 8. Nbd2 a6 9. Ne5 Qc7 10. Qf3 Ne7 11. g4 cxd4 12. cxd4 Bxe5 13. dxe5 Nd7 14.
g5 Nf5 15. Nb3 Nc5 16. Nxc5 Qxc5 17. Bxf5 exf5 18. Bd2 Be6 19. Rac1 Qb5 20. Rb1 d4 21. exd4 Bxa2 22. Rbc1 Qxb2 23. Bc3 Qb5 24. h4 Bd5 25. Qf2 Rac8 26. h5 Rc6 27. Rfe1 Rfc8 28. Re3 Be4 29. Qd2 Qc4 30. Kf2 b5 31. g6 fxg6 32. hxg6 Rxg6 33.
Rg3 Rh6 34. Ke3 b4 35. Rcg1 g6 36. Bxb4 Qb3+ 37. Kf2 Rc2 38. Rxb3 Rh2+ 39. Kg3 Rhxd2 40. Bxd2 Rxd2 41. Rb4 a5 42. Ra4 Bc6 43. Rxa5 Rxd4 44. Rc5 Rd3+ 45. Kf2 Be4 46. e6 Kf8 47. Ra1 Ke7 48.
Ra6 Rd6 49. Rxd6 Kxd6 50. Re5 Ke7 51. Kg3 h6 52. Kh4 Bd3 53. Kg3 Bc4 54. Ra5 Bxe6 55.
Ra7+ Kf6 56. Ra6 g5 57. fxg5+ hxg5 58. Rb6 f4+ 59. Kf2 Kf5 60. Rb5+ Kg4 61. Rb1 Bd5 62. Rg1+ Kf5 63. Rd1 Be4 64. Rc1 Kg4 65. Rg1+ Kf5 66. Rc1 Ke5 67. Rc5+ Bd5 68. Rc1 g4 69. Re1+ Kf5 70.
Rd1 g3+ 71. Kg1 Be4 72. Rd2 f3 73. Rb2 Kf4 74. Rd2 Ke3 75. Rb2 f2+ 76. Rxf2 gxf2+ 77. Kf1 Bd3+ 78. Kg2 Ke2 79. Kg3 f1=Q 0-1